 Dungeon Crawl Stone Soup version 0.31.0-2-g5a2aebc5c2 (webtiles) character file.

Game seed: 13383218931656345647

598741 ssalbiz the Conqueror (level 26, -1/358 HPs)
             Began as a Minotaur Berserker on Jan 20, 2024.
             Was a High Priest of Trog.
             Slain by a green draconian monk (31 damage)
             ... led by a green draconian monk
             ... on level 2 of the Realm of Zot on Jan 21, 2024.
             The game lasted 02:25:28 (82294 turns).

ssalbiz the Conqueror (Minotaur Berserker)         Turns: 82294, Time: 02:25:29

Health: -1/358     AC: 50    Str: 34    XL:     26   Next: 42%
Magic:  19/19      EV: 18    Int:  2    God:    Trog [*****.]
Gold:   6675       SH:  5    Dex: 13    Spells: 25/25 levels left

rFire   + . .        A - +9 executioner's axe (vamp)
rCold   + . .        (shield currently unavailable)
rNeg    + + .        D - +8 gold dragon scales
rPois   +            N - +2 hat
rElec   +            u - +1 cloak {Will+}
rCorr   +            F - +0 pair of gloves "Gaicsocw" {rElec rN+}
SInv    +            L - +2 pair of boots {Fly}
Will    ++++.        J - amulet of Vovaejiap {Reflect rCorr SH+5} Stlth
                     O - ring of Wainiqis {rPois rN+ rCorr Dex+3}
HPRegen 1.79/turn    a - ring "Zanteate" {AC+4 SInv}
MPRegen 0.16/turn

%: reflection
@: berserking (expiring), strong-willed (expiring), flying, regenerating
(expiring), studying 2 skills, very quick
A: horns 2, retaliatory headbutt, dopey 1, frail 1, low MP 1
}: 3/15 runes: barnacled, silver, gossamer
a: Renounce Religion, Berserk, Trog's Hand, Brothers in Arms


You were on level 2 of the Realm of Zot.
You worshipped Trog.
Trog was extremely pleased with you.
You visited 10 branches of the dungeon, and saw 45 of its levels.
You visited the Abyss 1 time.
You also visited: Sewer, Bailey, Gauntlet and Desolation.

You collected 8372 gold pieces.
You spent 1697 gold pieces at shops.

Inventory:

Hand Weapons
 A - a +9 vampiric executioner's axe (weapon)
Missiles
 I - a throwing net (quivered)
Armour
 u - a +1 cloak of willpower (worn)
 D - +8 gold dragon scales (worn)
 F - the +0 pair of gloves "Gaicsocw" (worn) {rElec rN+}
   (You bought it in a shop on level 2 of the Orcish Mines)

   rElec:     It insulates you from electricity.
   rN+:       It protects you from negative energy.
 L - a +2 pair of boots of flying (worn)
 N - a +2 hat (worn)
Jewellery
 a - the ring "Zanteate" (right hand) {AC+4 SInv}
   (You took it off an ironbound convoker on level 5 of the Vaults)

   [ring of protection]

   AC+4:      It affects your AC (+4).
   SInv:      It lets you see invisible.
 q - a ring of protection from cold
 v - a ring of protection from fire
 J - the amulet of Vovaejiap (around neck) {Reflect rCorr SH+5}
   (You found it in a Gauntlet)

   [amulet of reflection]

   Reflect:   It reflects blocked missile attacks.
   rCorr:     It protects you from acid and corrosion.
   SH+5:      It affects your SH (+5).
 O - the ring of Wainiqis (left hand) {rPois rN+ rCorr Dex+3}
   (You took it off a deep elf high priest on level 3 of the Elven Halls)

   [ring of positive energy]

   Dex+3:     It affects your dexterity (+3).
   rPois:     It protects you from poison rN+: It protects you from negative
   energy.
   rCorr:     It protects you from acid and corrosion.
 Y - a ring of protection from fire
Wands
 c - a wand of digging (16)
 g - a wand of polymorph (24)
 s - a wand of light (45)
 H - a wand of charming (42)
 K - a wand of flame (88)
 Q - a wand of mindburst (26)
 T - a wand of iceblast (49)
Scrolls
 b - a scroll of vulnerability
 h - 19 scrolls of teleportation
 k - 13 scrolls of revelation
 l - 3 scrolls of blinking
 n - 4 scrolls of identify
 p - 7 scrolls of fear
 w - 2 scrolls of silence
 y - 8 scrolls of fog
 U - 3 scrolls of summoning
Potions
 d - 2 potions of magic
 e - 12 potions of might
 f - 9 potions of heal wounds
 i - 5 potions of cancellation
 m - 4 potions of resistance
 o - 4 potions of lignification
 r - 4 potions of ambrosia
 t - 9 potions of enlightenment
 x - 11 potions of curing
 z - 2 potions of invisibility
 B - 7 potions of haste
 C - a potion of mutation
 V - 6 potions of attraction
Miscellaneous
 S - a phial of floods
 W - a box of beasts
 X - a lightning rod (4/4)
 Z - a condenser vane


   Skills:
 O Level 27 Fighting
 + Level 25.0 Axes
 + Level 10.0 Throwing
 O Level 27 Armour
 + Level 25.4 Dodging
 + Level 16.6 Evocations


You had 25 spell levels left.
You didn't know any spells.
Your spell library was empty.

Dungeon Overview and Level Annotations

Branches:
Dungeon (15/15)            Temple (0/1) D:7            Lair (5/5) D:8
 Shoals (4/4) Lair:2       Spider (4/4) Lair:2        Slime (0/5) Lair:4
    Orc (2/2) D:9             Elf (3/3) Orc:2        Vaults (5/5) D:13
  Crypt (0/3) Vaults:2     Depths (4/4) D:15           Hell (visited)
    Zot (2/5) Depths:4      Sewer (visited)          Bailey (visited)
Desolation (visited)      Gauntlet (visited)
    Dis: Hell:1         Geh: Hell:1         Coc: Hell:1         Tar: Hell:1

Altars:
Elyvilon
Fedhas
Kikubaaqudgha
Makhleb
Nemelex Xobeh
Ru
Sif Muna
Trog
Xom
Yredelemnul
Jiyva

Shops:
D:6 :   D:12 *   Orc:1 *   Orc:2 =[*:*   Elf:2 !   Elf:3 (?   Vaults:3 [
Vaults:4 *   Depths:1 :=:

Portals:
Hell: Lair:5 Depths:1 Depths:2 Depths:3 Depths:4
Abyss: Depths:1 Depths:3
Pandemonium: Depths:2
Ziggurat: Depths:1

Annotations:
Shoals:3 1 runed translucent door, Meod's ghost, adept MiBe
Spider:3 1 runed translucent door, puppums's ghost, adept MiFi
Spider:4 2 transporters, Arachne; Cumomo's ghost, adept SpEn
Vaults:4 1 runed translucent door


Innate Abilities, Weirdness & Mutations

You have a pair of horns on your head.
You reflexively headbutt those who attack you in melee.
You are dopey. (Int -2)
You are frail. (-10% HP)
Your magical capacity is low. (-10% MP)


Message History

You slice the shadow dragon!!
You kill the shadow dragon!
Trog accepts your kill.
The white draconian rages.
The green draconian monk rages.
Your Axes skill increases to level 25!
You miss the black draconian knight.
You headbutt the black draconian knight, but do no damage.
The black draconian knight is lightly wounded.
The black draconian knight closely misses you.
You furiously retaliate!
You headbutt the black draconian knight!!
The red draconian rages.
The black draconian completely misses you.
The green draconian monk rages.
You closely miss the black draconian knight.
Your headbutt misses the black draconian knight.
The black draconian knight is moderately wounded.
You feel yourself speed up.
The black draconian knight breathes lightning at you.
The bolt of lightning misses you. The black draconian closely misses you.
The yellow draconian rages.
The green draconian monk rages.
Unknown command.
Unknown command.
You carve the black draconian knight like a ham!!!
The black draconian knight is severely wounded.
The black draconian knight misses you. You furiously retaliate!
You headbutt the black draconian knight!!
The black draconian misses you.
Unknown command.
You slice the black draconian knight!!
You kill the black draconian knight!
Trog accepts your kill.
Trog appreciates your killing of a magic user.
Your Throwing skill increases to level 10!
You miss the green draconian monk.
Your headbutt misses the green draconian monk.
You block the black draconian's attack.
The white draconian hits you but does no damage.
The green draconian monk hits you!!
You die...

...##
##.......####.........##
..##
###....####.........##
.## .
##....##.........## ##
.. ##.............## #
#.. ##.....####..## #..
##...####..## #..
#..####..##
###..y######..##
.....ddq@....##
.8...dd8##..##
.......d+.:##
###...###.## #... ..#
#...##.# #...##.# .=.#
.#


You could see a green draconian monk (berserk), a black draconian (berserk), a
yellow draconian (berserk), a red draconian (berserk), 2 draconians and a moth
of wrath.

Vanquished Creatures
  3 ancient liches
  2 orbs of fire (Zot:1)
  Mara (Depths:2)
  Mennas (Vaults:4)
  A juggernaut (Depths:2)
  Xtahua (Vaults:4)
  Sojobo (Vaults:4)
  Bai Suzhen (Shoals:4)
  Boris (thrice) (Vaults:1 Vaults:4 Depths:1)
  Vv (Depths:2)
  Saint Roka (Elf:2)
  2 curse toes (Zot:2)
  Geryon (Hell)
  5 golden dragons
  Nikola (Vaults:2)
  Jory (Vaults:5)
  A bone dragon (Depths:4)
  Norris (Depths:3)
  3 electric golems (Zot:2)
  2 doom hounds (Depths:3)
  Mlioglotl (Spider:1)
  12 tentacled monstrosities
  A lich (Depths:2)
  2 deep elf blademasters
  4 quicksilver dragons
  2 deep elf master archers (Elf:3)
  A kraken (Shoals:4)
  5 titans
  Grunn (Depths:3)
  A sphinx (Vaults:4)
  Polyphemus (Shoals:2)
  4 death cobs
  Kirke (Spider:1)
  14 shadow dragons
  Agnes (Spider:4)
  An Executioner (Abyss:3)
  Aizul (Spider:1)
  3 storm dragons
  9 tengu reavers
  Donald (Elf:2)
  4 protean progenitors
  5 frost giants
  Ilsuiw (Shoals:2)
  2 draconian knights
  21 vault wardens
  4 draconian monks
  10 fire giants
  3 iron dragons
  2 draconian scorchers (Zot:1)
  5 emperor scorpions
  2 deep elf elementalists (Elf:3)
  4 draconian shifters
  8 ghost moths
  A storm dragon (shapeshifter) (Depths:2)
  6 deep elf sorcerers (Elf:3)
  4 draconian stormcallers
  3 orc warlords
  A broodmother (Spider:1)
  6 draconian annihilators
  5 formless jellyfish
  2 spriggan defenders (Depths:3)
  32 very ugly things
  A reaper (Hell)
  4 green draconians
  16 ironbound preservers
  18 stone giants
  5 ironbound thunderhulks
  2 vampire knights
  A lorocyproca (Abyss:3)
  4 black draconians (Zot:1)
  8 deep elf death magi
  An eleionoma (shapeshifter) (Depths:2)
  A ghost moth (shapeshifter) (Depths:2)
  8 red draconians
  7 spark wasps
  3 white draconians
  5 deep elf annihilators
  4 deep elf demonologists
  Azrael (Spider:1)
  The ghost of Hildebrand the Cleaver, a journeyman MiBe of Trog (Lair:3)
  A minotaur (Gauntlet)
  8 yellow draconians
  4 purple draconians
  11 war gargoyles
  A halazid warlock (Desolation)
  9 dire elephants
  12 ettins
  5 merfolk impalers
  6 crystal guardians
  7 merfolk javelineers
  6 deep elf high priests
  10 fire dragons
  4 jiangshi
  12 yaktaur captains
  Josephine (D:12)
  The ghost of Koathrall the Geomancer, a journeyman GrEE of Vehumet (Lair:1)
  7 entropy weavers
  7 great orbs of eyes
  9 rakshasas
  9 ice dragons
  4 ragged hierophants (Desolation)
  5 servants of whispers (Desolation)
  2 ogre magi
  4 catoblepae
  Fannar (D:12)
  10 peacekeepers
  3 hydras
  4 merfolk aquamancers
  35 vault guards
  4 merfolk avatars
  11 centaur warriors
  12 ironbound frosthearts
  3 jorogumos
  3 spriggan air magi
  7 radroaches
  2 satyrs
  The ghost of Esekla the Sneak, a journeyman OpWn of Gozag (D:9)
  A death knight (D:15)
  8 boulder beetles
  A two-headed ogre (D:13)
  35 dancing weapons
  7 death yaks
  10 deep troll shamans
  A death scarab (Spider:2)
  2 vampire magi
  10 deep troll earth magi
  8 tengu warriors
  8 orc high priests (Orc:2)
  12 demonic crawlers
  2 occultists
  5 soul eaters (Hell)
  A shock serpent (Depths:2)
  A spriggan berserker (Depths:3)
  12 deep elf knights
  A sun demon (Hell)
  The ghost of groovy9 the Blocker, a novice GnFi of Okawaru (D:7)
  A wretched star (Abyss:3)
  2 sixfirhies
  3 skeletal warriors (D:12)
  8 skysharks
  6 sea snakes
  A deep troll (shapeshifter) (Depths:2)
  8 iron trolls
  9 pharaoh ants
  5 arcanists
  5 sun moths
  39 deep trolls
  6 glowing orange brains
  2 mana vipers (Depths:4)
  A sun moth (shapeshifter) (Vaults:5)
  A bog body (Lair:1)
  Pikel (D:7)
  4 obsidian statues (Depths:2)
  A flayed ghost (Abyss:3)
  10 deep elf archers
  17 harpies
  3 orb spiders
  12 lindwurms
  19 ironbound convokers
  8 necromancers
  2 phantasmal warriors (Vaults:5)
  7 steelbarb worms
  A sea snake (shapeshifter) (Vaults:5)
  13 fauns
  A wolf spider (shapeshifter) (Depths:2)
  9 manticores
  16 orc knights
  20 wolf spiders
  2 cyclopes
  22 deep elf pyromancers
  26 deep elf zephyrmancers
  A manticore (shapeshifter) (Depths:2)
  25 ugly things
  9 elephants (Lair:5)
  3 fauns (shapeshifter)
  3 large abominations (Abyss:3)
  A cyclops (shapeshifter) (Vaults:4)
  8 kobold blastminers
  15 moths of wrath
  4 water nymphs
  An ice statue (Lair:1)
  2 meliai
  15 merfolk sirens
  An elephant (shapeshifter) (Depths:2)
  4 guardian serpents (Desolation)
  2 black mambas
  Joseph (D:10)
  A torpor snail (shapeshifter) (Depths:2)
  A black mamba (shapeshifter) (Elf:1)
  A frost giant skeleton (Vaults:1)
  14 vault sentinels
  2 orange demons
  A smoke demon (Hell)
  4 torpor snails
  A cane toad (shapeshifter) (Vaults:5)
  3 molten gargoyles
  Maggie (D:6)
  2 unseen horrors (D:12)
  4 gargoyles
  A yaktaur zombie (Vaults:4)
  12 rime drakes
  2 kobold demonologists
  9 komodo dragons
  11 cane toads
  2 ice devils (Lair:5)
  41 yaktaurs
  2 tengu conjurers
  2 efreet
  Psyche (D:11)
  3 freezing wraiths
  2 ancient zymes (Abyss:3)
  2 red devils (Lair:5)
  A merfolk (shapeshifter) (Depths:2)
  2 human zombies
  5 wind drakes
  5 polar bears
  7 trolls
  A shadow dragon simulacrum (Depths:1)
  28 merfolk
  A hellwing (Lair:5)
  53 saltlings (Desolation)
  25 tarantellas
  9 raiju
  2 tyrant leeches (Zot:2)
  3 dream sheep (Shoals:3)
  35 blink frogs
  8 snapping turtles
  11 slime creatures
  2 jumping spiders (shapeshifter)
  A spriggan zombie (Depths:1)
  A hornet (Lair:1)
  3 spriggans (Lair:1)
  An ettin zombie (Depths:1)
  10 shadows
  A dire elephant simulacrum (Lair:1)
  3 elf skeletons
  31 jumping spiders
  A small abomination (Abyss:3)
  23 culicivoras
  12 air elementals
  25 water elementals
  A ynoxinul (Abyss:3)
  59 yaks
  10 wraiths
  8 wyverns
  A hog (Spider:1)
  7 basilisks
  A fire bat (shapeshifter) (D:13)
  A chaos spawn (Abyss:3)
  6 fire elementals
  77 redbacks
  11 starcursed masses (Abyss:3)
  3 wargs
  3 steam dragons
  15 vampire mosquitoes
  A redback (shapeshifter) (Vaults:5)
  A yaktaur simulacrum (Vaults:1)
  7 death yak simulacra
  2 harpy simulacra
  A hydra simulacrum (Lair:5)
  2 acid dragons
  22 water moccasins
  10 hell hounds
  Duvessa (D:7)
  A swamp worm (shapeshifter) (Depths:2)
  68 orc warriors
  2 ice beasts
  4 sky beasts
  A swamp drake (D:9)
  17 wolves
  3 black bears
  16 centaurs
  12 ogres
  A crocodile (Sewer)
  A human skeleton (Vaults:4)
  A lemure (D:7)
  An orc skeleton (Vaults:1)
  A phantom (D:5)
  13 kobold brigands
  6 gnoll sergeants
  20 bullfrogs
  3 brain worms (Abyss:3)
  14 earth elementals
  A two-headed ogre simulacrum (Lair:1)
  17 wights
  5 scorpions
  A burial acolyte (D:9)
  Dowan (D:7)
  A hornet simulacrum (D:14)
  A killer bee (D:10)
  2 elephant simulacra
  A human simulacrum (Vaults:1)
  6 howler monkeys
  2 electric eels (D:11)
  A bombardier beetle (D:7)
  3 hounds
  A gnoll bouda (D:5)
  47 orc priests
  7 jellies
  8 hell rats (Lair:5)
  A sleepcap (D:4)
  Natasha (thrice) (D:2)
  4 iguanas
  21 orc wizards
  25 gnolls
  6 adders
  A naga simulacrum (Lair:1)
  A shadow imp (D:7)
  3 hell rat simulacra (Lair:5)
  3 white imps
  3 ufetubi
  2 adder zombies (D:9)
  3 ribbon worms
  2 dart slugs
  101 orcs
  8 ball pythons
  9 bats
  6 endoplasms
  10 giant cockroaches
  11 goblins
  9 hobgoblins
  5 jackals
  39 kobolds
  5 quokkas
  3 frilled lizards
  11 rats
  2 aspiring fleshes
  A ball lightning (Depths:2)
  A spectral weapon (Vaults:5)
  3 tentacles (Shoals:4)
2350 creatures vanquished.

Vanquished Creatures (collateral kills)
  A deep elf master archer (Elf:3)
  A deep elf blademaster (Elf:3)
  2 fire giants
  A deep elf annihilator (Elf:3)
  A fire dragon (Depths:3)
  A vault guard (Vaults:1)
  A servant of whispers (Desolation)
  An alligator snapping turtle (Shoals:4)
  A dancing weapon (Elf:3)
  A death yak (Lair:1)
  A sea snake (Shoals:4)
  An ironbound convoker (Desolation)
  A manticore (Shoals:4)
  A faun (Shoals:2)
  An elephant (Lair:5)
  2 ice devils (Lair:1)
  A wind drake (Shoals:2)
  A polar bear (Lair:1)
  A jumping spider (Spider:4)
  A yak (Lair:1)
  A wolf (Lair:1)
  A troll simulacrum (Lair:1)
  A polar bear simulacrum (Lair:1)
25 creatures vanquished.

Vanquished Creatures (others)
  A hydra (Lair:5)
  A phantasmal warrior (Vaults:5)
  A harpy (Shoals:4)
  A deep elf zephyrmancer (Elf:1)
  A merfolk (Shoals:4)
  An air elemental (Elf:1)
  A water elemental (Shoals:1)
  2 humans (Spider:1)
  8 ball lightnings (Depths:2)
  A butterfly (D:9)
  A tentacle (Shoals:4)
19 creatures vanquished.

Grand Total: 2394 creatures vanquished

Notes
Turn   | Place    | Note
-------+----------+-------------------------------------------
     0 | D:1      | ssalbiz the Minotaur Berserker began the quest for the Orb.
     0 | D:1      | Reached XP level 1. HP: 19/19 MP: 0/0
   134 | D:1      | Reached XP level 2. HP: 25/27 MP: 1/1
   435 | D:1      | Reached ** piety under Trog
   630 | D:1      | Found a faded altar of an unknown god.
   691 | D:2      | Reached XP level 3. HP: 28/33 MP: 2/2
   780 | D:2      | Noticed Natasha
   796 | D:2      | Killed Natasha
   797 | D:2      | Reached XP level 4. HP: 25/40 MP: 3/3
   893 | D:2      | Noticed Natasha
   899 | D:2      | Killed Natasha
  1152 | D:2      | Noticed Natasha
  1156 | D:2      | Killed Natasha
  1510 | D:3      | Reached XP level 5. HP: 44/47 MP: 4/4
  1776 | D:3      | Found a glowing drain.
  1783 | Sewer    | Entered a sewer
  1794 | Sewer    | Reached *** piety under Trog
  1875 | Sewer    | Noticed a crocodile
  1882 | Sewer    | Killed a crocodile
  1883 | Sewer    | Reached skill level 5 in Fighting
  1883 | Sewer    | Reached skill level 5 in Axes
  2311 | D:3      | Reached XP level 6. HP: 46/56 MP: 5/5
  3865 | D:5      | Entered Level 5 of the Dungeon
  3876 | D:5      | Reached XP level 7. HP: 54/61 MP: 6/6
  4463 | D:5      | Reached XP level 8. HP: 68/68 MP: 7/7
  4468 | D:5      | Reached skill level 10 in Axes
  4920 | D:6      | Found Loderhim's Self-Published Books.
  4922 | D:6      | Noticed Maggie
  4951 | D:6      | Killed Maggie
  5259 | D:6      | You fall into a shaft and drop 1 floor!
  5336 | D:6      | Reached **** piety under Trog
  5446 | D:6      | Reached XP level 9. HP: 73/74 MP: 8/8
  6055 | D:7      | Found a staircase to the Ecumenical Temple.
  6057 | D:7      | Noticed Pikel
  6068 | D:7      | Killed Pikel
  6214 | D:7      | Identified the +1 robe of the Turtle {rN++ rCorr Str-2}
  6246 | D:7      | Found a runed translucent gate.
  6246 | D:7      | Found a runed translucent gate.
  6246 | D:7      | Noticed a kobold demonologist
  6246 | D:7      | Noticed groovy9's ghost (novice GnFi)
  6248 | D:7      | Found a runed translucent gate.
  6350 | D:7      | Reached skill level 15 in Axes
  6369 | D:7      | Noticed Duvessa
  6407 | D:7      | Killed Duvessa
  6408 | D:7      | Noticed Dowan
  6419 | D:7      | Killed Dowan
  6650 | D:7      | Reached XP level 10. HP: 68/81 MP: 9/9
  7339 | D:8      | Found a flagged portal.
  7344 | Bailey   | Entered a bailey
  7394 | Bailey   | Reached ***** piety under Trog
  7496 | Bailey   | Identified the +0 ring mail "Zuext" {rC+}
  7879 | D:8      | Found a sparkling altar of Nemelex Xobeh.
  7881 | D:8      | Noticed a boulder beetle
  7896 | D:8      | Killed a boulder beetle
  8027 | D:8      | Found a blossoming altar of Fedhas.
  8075 | D:8      | Found a transporter.
  8079 | D:8      | Found a viscous altar of Jiyva.
  8255 | D:8      | Found a staircase to the Lair.
  8585 | D:8      | Found a shimmering blue altar of Sif Muna.
  8664 | D:9      | Reached XP level 11. HP: 75/86 MP: 10/10
  8816 | D:9      | Reached skill level 10 in Dodging
  8821 | D:9      | Found a white marble altar of Elyvilon.
  8878 | D:9      | Found a runed translucent gate.
  8879 | D:9      | Found a runed translucent gate.
  8881 | D:9      | Found a runed translucent gate.
  8882 | D:9      | Noticed Esekla's ghost (journeyman OpWn)
  9094 | D:9      | Found a shimmering altar of Xom.
  9205 | D:9      | Received a gift from Trog
  9297 | D:9      | Found a staircase to the Orcish Mines.
  9517 | D:9      | Found an ancient bone altar of Kikubaaqudgha.
  9679 | D:9      | Found a viscous altar of Jiyva.
 10001 | D:10     | Entered Level 10 of the Dungeon
 10098 | D:10     | Identified the +8 rapier of Qazlal, Glimmering {speed, rN+
                  | Dex+3}
 10434 | D:10     | Noticed a cyan ugly thing
 10434 | D:10     | Noticed a centaur warrior
 10501 | D:10     | Killed a cyan ugly thing
 10513 | D:10     | Killed a centaur warrior
 10664 | D:10     | Reached skill level 15 in Dodging
 10735 | D:10     | Noticed Joseph
 10749 | D:10     | Killed Joseph
 10853 | D:10     | Found a viscous altar of Jiyva.
 10890 | D:10     | Received a gift from Trog
 11028 | D:11     | Noticed a red ugly thing
 11044 | D:11     | Killed a red ugly thing
 11045 | D:11     | Reached XP level 12. HP: 58/94 MP: 11/11
 11286 | D:11     | Noticed a boulder beetle
 11300 | D:11     | Killed a boulder beetle
 11301 | D:11     | Reached skill level 5 in Armour
 11751 | D:11     | Noticed Psyche
 11755 | D:11     | Killed Psyche
 11935 | D:11     | Noticed a boulder beetle
 11956 | D:11     | Killed a boulder beetle
 12412 | Lair:1   | Entered Level 1 of the Lair of Beasts
 12794 | Lair:1   | Noticed Koathrall's ghost (journeyman GrEE)
 13205 | Lair:1   | Found a transporter.
 13210 | Lair:1   | Found a transporter.
 13211 | Lair:1   | Found a bloodstained altar of Trog.
 13390 | Lair:1   | Reached XP level 13. HP: 92/111 MP: 12/12
 13474 | Lair:1   | Received a gift from Trog
 13762 | Lair:1   | Found the +3 Mad Mage's Maulers {Infuse+∞ VampMP -Cast}
 14040 | Lair:2   | Reached skill level 10 in Fighting
 14056 | Lair:2   | Found a staircase to the Shoals.
 14391 | Lair:2   | Found a hole to the Spider Nest.
 14952 | Lair:3   | Reached skill level 10 in Armour
 15167 | Lair:3   | Found a runed translucent gate.
 15167 | Lair:3   | Found a runed translucent gate.
 15167 | Lair:3   | Found a runed translucent gate.
 15172 | Lair:3   | Noticed Hildebrand's ghost (journeyman MiBe)
 16153 | Lair:4   | Found a viscous altar of Jiyva.
 16153 | Lair:4   | Found a staircase to the Slime Pits.
 16166 | Lair:4   | You are sucked into a shaft and drop 1 floor!
 16166 | Lair:5   | Entered Level 5 of the Lair of Beasts
 16330 | Lair:5   | Received a gift from Trog
 16394 | Lair:5   | Found a gate leading to a gauntlet.
 16408 | Gauntlet | Entered a Gauntlet
 16408 | Gauntlet | Found a transporter.
 16408 | Gauntlet | Found a transporter.
 16412 | Gauntlet | Found a transporter.
 16413 | Gauntlet | Found a transporter.
 16422 | Gauntlet | Found a transporter.
 16422 | Gauntlet | Found a transporter.
 16432 | Gauntlet | Found a transporter.
 16434 | Gauntlet | Found a transporter.
 16435 | Gauntlet | Found a transporter.
 16480 | Gauntlet | Found a transporter.
 16508 | Gauntlet | Found a transporter.
 16530 | Gauntlet | Found a transporter.
 16744 | Gauntlet | Found a transporter.
 16776 | Gauntlet | Found a transporter.
 16783 | Gauntlet | Reached XP level 14. HP: 125/125 MP: 13/13
 16833 | Gauntlet | Identified the +0 pair of gloves of Sacsy Reaf {rC- Str+3
                  | Int+3 Dex+2}
 16877 | Gauntlet | Identified the staff of Doom {*Slow rN+ MP+9 Int+2 Conj
                  | Necro Air}
 16887 | Gauntlet | Identified the amulet of Vovaejiap {Reflect rCorr SH+5}
 18418 | Lair:5   | Received a gift from Trog
 18423 | Lair:5   | Found a burning altar of Makhleb.
 18444 | Lair:5   | Found a gateway to Hell.
 18908 | Lair:5   | Identified the ring "Vawel" {MP+9 Int+3}
 19161 | Lair:3   | Killed Hildebrand's ghost
 19382 | Orc:1    | Entered Level 1 of the Orcish Mines
 19391 | Orc:1    | Noticed an orc warlord
 19413 | Orc:1    | Killed an orc warlord
 19695 | Orc:1    | Noticed an orc warlord
 19793 | D:9      | Killed an orc warlord
 19990 | Orc:1    | Found Poakk's General Store.
 20154 | Orc:1    | You are sucked into a shaft and drop 1 floor!
 20154 | Orc:2    | Entered Level 2 of the Orcish Mines
 20325 | Orc:1    | Reached XP level 15. HP: 121/139 MP: 14/14
 21135 | Orc:2    | Found a staircase to the Elven Halls.
 21303 | Orc:2    | Received a gift from Trog
 21690 | Orc:2    | Reached skill level 15 in Fighting
 21722 | Orc:2    | Found Dillupso's Jewellery Shoppe.
 21730 | Orc:2    | Bought a ring of protection from fire for 350 gold pieces
 22001 | Orc:2    | Reached skill level 15 in Armour
 22415 | Orc:2    | Found Nelotwi's General Store.
 22416 | Orc:2    | Found Vuev Nid's Book Boutique.
 22416 | Orc:2    | Found Tualujuula's Assorted Antiques.
 22417 | Orc:2    | Found Guoria's Antique Armour Shop.
 22430 | Orc:2    | Bought a scroll of identify for 72 gold pieces
 22436 | Orc:2    | Bought an ichor-stained plate armour for 952 gold pieces
 22436 | Orc:2    | Identified the +4 plate armour of Raeth {rN+ Str+2} (You
                  | bought it in a shop on level 2 of the Orcish Mines)
 22436 | Orc:2    | Bought a pair of faintly humming gloves for 323 gold pieces
 22436 | Orc:2    | Identified the +0 pair of gloves "Gaicsocw" {rElec rN+}
                  | (You bought it in a shop on level 2 of the Orcish Mines)
 22941 | D:12     | Noticed Fannar
 22950 | D:12     | Killed Fannar
 23025 | D:12     | Received a gift from Trog
 23039 | D:12     | Noticed Josephine
 23053 | D:12     | Killed Josephine
 23283 | D:12     | Found Defaadar's Serpentskin Sales.
 24450 | D:13     | Found a gate to the Vaults.
 24960 | Shoals:1 | Entered Level 1 of the Shoals
 25450 | Shoals:1 | You are sucked into a shaft and drop 1 floor!
 25533 | Shoals:2 | Noticed Ilsuiw
 26258 | Shoals:2 | Reached XP level 16. HP: 108/155 MP: 15/15
 26268 | Shoals:2 | Received a gift from Trog
 26303 | Shoals:2 | Noticed Polyphemus
 26594 | Shoals:2 | Killed Polyphemus
 26835 | Shoals:2 | Killed Ilsuiw
 27987 | Shoals:3 | Found a runed translucent door.
 27988 | Shoals:3 | Found a shimmering altar of Xom.
 27988 | Shoals:3 | Noticed Meod's ghost (adept MiBe)
 27988 | Shoals:3 | Identified the +10 glaive of Prudence {chaos, rElec rPois
                  | Will+}
 29296 | Shoals:4 | Entered Level 4 of the Shoals
 29299 | Shoals:4 | Received a gift from Trog
 30489 | Shoals:4 | Noticed a kraken
 30496 | Shoals:4 | Killed a kraken
 30921 | Shoals:4 | Noticed Bai Suzhen
 31764 | Shoals:4 | Killed Bai Suzhen
 31800 | Shoals:4 | Reached XP level 17. HP: 38/169 MP: 16/16
 32096 | Shoals:4 | Got a barnacled rune of Zot
 32634 | Shoals:2 | Received a gift from Trog
 32698 | Spider:1 | Entered Level 1 of the Spider Nest
 32834 | Spider:1 | Identified the serpent talisman of the Delightful God
                  | {rCorr Int+5}
 32834 | Spider:1 | Noticed Aizul
 32853 | Spider:1 | Killed Aizul
 33056 | Spider:1 | Noticed Azrael
 33064 | Spider:1 | Killed Azrael
 33350 | Spider:1 | Noticed Mlioglotl
 33425 | Spider:1 | Killed Mlioglotl
 33502 | Spider:1 | Noticed Kirke
 33514 | Spider:1 | Killed Kirke
 36167 | Spider:2 | Received a gift from Trog
 37557 | Spider:3 | Reached XP level 18. HP: 144/180 MP: 17/17
 38144 | Spider:3 | Found a runed translucent door.
 38151 | Spider:3 | Noticed puppums's ghost (adept MiFi)
 38943 | Spider:4 | Entered Level 4 of the Spider Nest
 38943 | Spider:4 | Found a transporter.
 39247 | Spider:4 | Received a gift from Trog
 39579 | Spider:4 | Noticed Arachne
 39588 | Spider:4 | Noticed Cumomo's ghost (adept SpEn)
 39618 | Spider:4 | Found a transporter.
 39990 | Spider:4 | Noticed Agnes
 40015 | Spider:4 | Killed Agnes
 40390 | Spider:4 | Got a gossamer rune of Zot
 40805 | Vaults:1 | Entered Level 1 of the Vaults
 40887 | Vaults:1 | Received a gift from Trog
 41259 | Vaults:1 | Found a crumbling gateway.
 41268 | Desolati | Entered the Desolation of Salt
 41561 | Desolati | Reached XP level 19. HP: 75/191 MP: 18/18
 41607 | Desolati | Received a gift from Trog
 41830 | Desolati | Identified the +4 chain mail of Rapegh {rC- Int+3 SInv
                  | Stlth+}
 42312 | Desolati | Identified the +5 broad axe "Ryidiuph" {freeze, rElec Str+2
                  | Dex+4}
 42321 | Desolati | Identified the amulet "Fax Erus" {rN+ Regen+ Int+3}
 42524 | Desolati | Identified the amulet "Gietyffe" {RegenMP SInv}
 42533 | Desolati | Identified a scroll of acquirement
 42787 | Vaults:1 | Acquired a manual of Dodging
 43522 | Vaults:1 | Noticed Boris
 43534 | Vaults:1 | Killed Boris
 43957 | Vaults:2 | Identified the +2 lajatang of Stickiness {flame, rElec
                  | Str+5 Int-4} (Trog gifted it to you on level 2 of the
                  | Vaults)
 43957 | Vaults:2 | Received a gift from Trog
 44549 | Vaults:2 | Noticed Nikola
 44567 | Vaults:2 | Killed Nikola
 44755 | Vaults:2 | Found a staircase to the Crypt.
 44755 | Vaults:2 | Found an ancient bone altar of Kikubaaqudgha.
 44755 | Vaults:2 | Found a basalt altar of Yredelemnul.
 44913 | Vaults:2 | Paralysed by a formless jellyfish for 1 turns
 45919 | Vaults:3 | Reached XP level 20. HP: 163/202 MP: 19/19
 46011 | Vaults:3 | Received a gift from Trog
 46368 | Vaults:3 | Found Nutiagaf's Antique Armour Emporium.
 48290 | Vaults:4 | Received a gift from Trog
 49161 | Vaults:4 | Identified the +11 hand axe of Wad Gamn {pain, rElec Dex+3
                  | Stlth+}
 49468 | Vaults:4 | Noticed Boris
 49487 | Vaults:4 | Killed Boris
 49636 | Vaults:4 | Found a runed translucent door.
 49837 | Vaults:4 | Noticed Mennas
 49860 | Vaults:4 | Killed Mennas
 50139 | Vaults:4 | Found Rynt's General Store.
 50504 | Vaults:4 | Received a gift from Trog
 51078 | Elf:1    | Entered Level 1 of the Elven Halls
 51933 | Elf:1    | Reached XP level 21. HP: 202/214 MP: 20/20
 52070 | Elf:1    | Received a gift from Trog
 52652 | Elf:2    | Found a runed translucent gate.
 52653 | Elf:2    | Found a runed translucent gate.
 52654 | Elf:2    | Found a runed translucent gate.
 53009 | Elf:2    | Paralysed by an air elemental for 1 turns
 53019 | Elf:2    | Found Quhuatech's Distillery.
 53019 | Elf:2    | Noticed Donald
 53019 | Elf:2    | Paralysed by an air elemental for 1 turns
 53027 | Elf:2    | Killed Donald
 53491 | Elf:2    | Received a gift from Trog
 53706 | Elf:2    | Noticed Saint Roka
 53879 | Elf:2    | Killed Saint Roka
 54249 | Elf:2    | Identified the blade talisman of the Five Lovers {rN+ rCorr
                  | Dex+6}
 54402 | Elf:3    | Entered Level 3 of the Elven Halls
 54536 | Elf:3    | Reached skill level 1 in Evocations
 55575 | Elf:3    | Received a gift from Trog
 55634 | Elf:3    | Found Iskeextega's Weapon Emporium.
 55750 | Elf:3    | Found The Oracle's Delphic Readings.
 55877 | Elf:3    | Reached skill level 5 in Evocations
 55992 | Elf:3    | Identified the +5 morningstar of Boteifusk {speed, rF+
                  | Str-4 Dex+3 Stlth+}
 55992 | Elf:3    | Identified the ring of Wainiqis {rPois rN+ rCorr Dex+3}
 56061 | Abyss:3  | Cast into level 3 of the Abyss (a deep elf sorcerer)
 56096 | Abyss:3  | Found a corrupted altar of Lugonu.
 56239 | Abyss:3  | Identified the +4 broad axe of Ceomim {flame, rElec rPois
                  | Dex+4} (Trog gifted it to you on level 3 of the Abyss)
 56239 | Abyss:3  | Received a gift from Trog
 56299 | Abyss:3  | Noticed an ancient lich
 56309 | Abyss:3  | Killed an ancient lich
 56312 | Elf:3    | Escaped the Abyss
 56364 | Elf:3    | Paralysed by an air elemental for 1 turns
 56588 | Elf:3    | Identified the +4 morningstar of Ovvum {antimagic, rN+
                  | rCorr Int+6 Stlth-}
 56588 | Elf:3    | Identified the amulet "Ufoph" {Spirit MP+9 Dex-5 SInv}
 56615 | Elf:3    | Identified the +5 flail of Febboffa {pain, rC+++ Str+2
                  | Dex+3}
 56616 | Elf:3    | Identified the +1 ring mail of Dishonour {+Blink rF- rCorr
                  | Str+3 Stlth+}
 56618 | Elf:3    | Received a gift from Trog
 56852 | Elf:3    | Identified the +0 pair of boots of the Evening Star {rC-
                  | rCorr SInv}
 57296 | Lair:1   | Killed Koathrall's ghost
 57534 | D:8      | Found a transporter.
 58038 | D:7      | Killed groovy9's ghost
 58248 | D:9      | Killed Esekla's ghost
 59294 | D:14     | Reached skill level 10 in Evocations
 59294 | D:14     | Reached XP level 22. HP: 215/224 MP: 6/21
 59389 | D:14     | Identified the +0 plate armour of Bubbyunamu {Int+5}
 59505 | D:15     | Entered Level 15 of the Dungeon
 61150 | D:15     | Found a staircase to the Depths.
 61198 | D:15     | Received a gift from Trog
 61309 | Depths:1 | Entered Level 1 of the Depths
 61848 | Depths:1 | Found a one-way gate to the infinite horrors of the Abyss.
 62260 | Depths:1 | Found a one-way gateway to a ziggurat.
 62645 | Depths:1 | Found a sparkling altar of Nemelex Xobeh.
 62645 | Depths:1 | Noticed Boris
 62648 | Depths:1 | Killed Boris
 62943 | Depths:1 | Found Tenocwu's Book Shop.
 62944 | Depths:1 | Found Rimat's Jewellery Emporium.
 62945 | Depths:1 | Found Yrit Kets's Book Shop.
 63006 | Depths:1 | Reached ****** piety under Trog
 63006 | Depths:1 | Received a gift from Trog
 63770 | Depths:2 | Paralysed by an air elemental for 1 turns
 64747 | Depths:2 | Paralysed by an air elemental for 1 turns
 64954 | Depths:2 | Noticed Mara
 64955 | Depths:2 | Reached skill level 1 in Throwing
 64970 | Depths:2 | Received a gift from Trog
 64974 | Depths:2 | Noticed ssalbiz's illusion
 65252 | Depths:2 | Noticed ssalbiz's illusion
 65252 | Depths:2 | Killed Mara
 65546 | Depths:2 | Paralysed by an air elemental for 1 turns
 65566 | Depths:2 | Identified the +11 short sword of Blind Justice {venom,
                  | ^Contam rC+ rN+ Str+2}
 65856 | Depths:2 | Noticed Vv
 65871 | Depths:2 | Killed Vv
 66571 | Depths:2 | Found a one-way gate leading to the halls of Pandemonium.
 66576 | Depths:2 | Identified the +1 shortbow of Histrionic Valour {drain,
                  | Str+5 Int-4 Dex+3}
 66874 | Depths:2 | Identified the +1 leather armour "Uterch" {Regen+}
 66876 | Depths:2 | Identified the +1 halberd of Malum Prohibitum {holy, rPois
                  | rF- rC- Int+3}
 66947 | Depths:2 | Identified the +5 scale mail of Jousuf {Str+3 Int+3}
 67386 | Depths:3 | Noticed Norris
 67397 | Depths:3 | Reached XP level 23. HP: 203/234 MP: 18/22
 67398 | Depths:3 | Killed Norris
 67640 | Depths:3 | Received a gift from Trog
 68134 | Depths:3 | Noticed a juggernaut
 68183 | Depths:3 | HP: 9/234 [spriggan air mage/the air (3)]
 68188 | Depths:3 | HP: 6/234 [spriggan air mage/the air (10)]
 68867 | Depths:2 | Killed a juggernaut
 69239 | Depths:3 | Reached skill level 5 in Throwing
 70257 | Depths:3 | Received a gift from Trog
 70326 | Depths:3 | Noticed Grunn
 70343 | Depths:3 | Killed Grunn
 71053 | Depths:4 | Entered Level 4 of the Depths
 71146 | Depths:4 | Found a gate to the Realm of Zot.
 71392 | Depths:4 | Identified the +7 chain mail of the Wild Haggis {rPois rF+
                  | Dex-4 SInv}
 71422 | Depths:4 | Found a sacrificial altar of Ru.
 72367 | Hell     | Entered the Vestibule of Hell
 72367 | Hell     | Noticed Geryon
 72393 | Hell     | Killed Geryon
 72744 | Depths:1 | Received a gift from Trog
 73010 | Vaults:5 | Entered Level 5 of the Vaults
 73404 | Vaults:4 | Reached XP level 24. HP: 193/245 MP: 22/22
 73529 | Vaults:4 | Reached skill level 15 in Evocations
 73539 | Vaults:5 | Noticed Sojobo
 73786 | Vaults:4 | Killed Sojobo
 73906 | Vaults:5 | Noticed an ancient lich
 73927 | Vaults:4 | Killed an ancient lich
 74075 | Vaults:5 | Noticed Xtahua
 74091 | Vaults:5 | Received a gift from Trog
 74100 | Vaults:4 | Killed Xtahua
 74646 | Vaults:5 | Noticed an ancient lich
 74758 | Vaults:4 | Killed an ancient lich
 75428 | Vaults:5 | Identified the +9 halberd of the Thirteen Artists {flame,
                  | rElec MP+9}
 75737 | Vaults:5 | Identified the +6 broad axe of Guilt {vamp, rElec Int+4}
 75981 | Vaults:5 | Identified the +8 great sword "Aroham" {spect, rPois}
 75981 | Vaults:5 | Identified the ring "Zanteate" {AC+4 SInv}
 76010 | Vaults:5 | Identified the +4 ring mail of the Onion {rN+ Str+3}
 76023 | Vaults:5 | Identified the +0 ring mail "Doimaleo" {rF++ rCorr Str-4
                  | Stlth+}
 76027 | Vaults:5 | Identified the +4 ring mail of Susij {Rampage *Corrode
                  | Str-4 Dex+5}
 76201 | Vaults:5 | Noticed Jory
 76210 | Vaults:5 | Killed Jory
 76334 | Vaults:5 | Identified the +6 sling of Doski {speed, rF+ Dex+7}
 76376 | Vaults:5 | Identified the staff of Cowardice {rElec Dex-3 SInv Earth
                  | Alchemy}
 76672 | Vaults:5 | Got a silver rune of Zot
 77604 | Zot:1    | Entered Level 1 of the Realm of Zot
 78018 | Zot:1    | Noticed an orb of fire
 78028 | Zot:1    | Killed an orb of fire
 78330 | Zot:1    | Noticed an orb of fire
 78333 | Zot:1    | Gained mutation: Your magical capacity is low. (-10% MP)
                  | [an orb of fire]
 78338 | Zot:1    | Gained mutation: You are dopey. (Int -2) [an orb of fire]
 78339 | Zot:1    | Gained mutation: You are frail. (-10% HP) [an orb of fire]
 78354 | Zot:1    | Killed an orb of fire
 79779 | Zot:1    | Reached XP level 25. HP: 156/229 MP: 19/19
 81427 | Zot:2    | Reached skill level 27 in Fighting
 81938 | Zot:2    | Reached skill level 27 in Armour
 81938 | Zot:2    | Reached XP level 26. HP: 239/239 MP: 19/19
 82294 | Zot:2    | Reached skill level 10 in Throwing
 82294 | Zot:2    | Slain by a green draconian monk

Illustrated notes

Levels and vault maps discovered:
D:1:      lightli_arrival_farm, layout_rooms,
          shapermc_ecumenical_altar_hornbeckon
D:2:      layout_loops_ring, uniq_natasha
D:3:      layout_basic, mainiacjoe_sewer_entry_somewhere_in_here_2,
          minmay_fractal_squares_gapless_5
D:4:      layout_cave_pools
D:5:      layout_loops_ring, serial_bayou, serial_bayou_pond_d,
          serial_bayou_pond_a, serial_bayou_shore_a, serial_bayou_ford_a,
          serial_bayou_lagoon_a, serial_bayou_pond_e
D:6:      layout_loops_ring, kennysheep_donut, small_statue_intersection,
          nicolae_custom_books, uniq_maggie
D:7:      hangedman_cross_stitches, layout_loops_corners,
          minmay_temple_entry_glass, gammafunk_ghost_nasty_kobolds, uniq_pikel,
          uniq_duvessa
D:8:      gammafunk_jiyva_shrine, layout_basic,
          mainiacjoe_overflow_concentric_impassable,
          mainiacjoe_overflow_large_starburst, erik_lair_dragon, enter_bailey_3
D:9:      layout_rooms, lemuel_zombie_altar_kikubaaqudgha,
          mainiacjoe_overflow_alcove_1, nicolae_elyvilon_peaceful_grove,
          erik_orc_1, gammafunk_ghost_ooze
D:10:     minmay_bloctagon, layout_basic, hangedman_decor_growths,
          jiyva_altar_1, uniq_joseph
D:11:     layout_basic, uniq_psyche
D:12:     layout_cave_pools, guppyfry_shop_venom, uniq_josephine, uniq_fannar
D:13:     layout_long_grid, david_vaults_4, chequers_garden,
          corexii_hall_statues_deadend, minmay_gold_behind_fungi
D:14:     layout_irregular_city, kennysheep_nondescript
D:15:     grunt_enter_depths_snipers, layout_long_grid,
          serial_library_hellmonk_junction
Lair:1:   dreamdust_isle_of_ice, layout_loops_ring,
          gammafunk_ghost_wrathful_warriors, infiniplex_staircase_pool_2
Lair:2:   layout_regular_city, shoals_dummy_entry,
          nicolae_spider_entry_non_spiders, lemuel_fruit_tree
Lair:3:   layout_cave_pods, ebering_ghost_rock_garden, grunt_megastairs_4
Lair:4:   layout_cave_shapes, slime_entry_1, grunt_megastairs_1
Lair:5:   evil_forest, layout_gridlike, gauntlet_entry_generic,
          eino_house_with_fridge, serial_bayou_shore_b
Shoals:1: layout_shoals, nicolae_shoals_arrival_archipelago
Shoals:2: layout_shoals, uniq_ilsuiw, uniq_polyphemus
Shoals:3: layout_shoals, ebering_ghost_xom
Shoals:4: shoals_end_simple, layout_shoals, uniq_bai_suzhen
Spider:1: layout_chambers, uniq_kirke, uniq_azrael, uniq_aizul, uniq_mlioglotl
Spider:2: nicolae_spider_hilbert_zone_7 [nicolae_spider_hilbert_4_sides_1_open,
          nicolae_spider_hilbert_4_sides_1_open,
          nicolae_spider_hilbert_4_sides_1_open,
          nicolae_spider_hilbert_4_sides_1_open,
          nicolae_spider_hilbert_3_sides_1_open,
          nicolae_spider_hilbert_3_sides_1_open,
          nicolae_spider_hilbert_3_sides_1_open,
          nicolae_spider_hilbert_3_sides_1_open,
          nicolae_spider_hilbert_4_sides_1_open,
          nicolae_spider_hilbert_4_sides_1_open,
          nicolae_spider_hilbert_4_sides_1_open,
          nicolae_spider_hilbert_2_sides_1_open,
          nicolae_spider_hilbert_2_sides_1_open,
          nicolae_spider_hilbert_2_sides_1_open,
          nicolae_spider_hilbert_2_sides_1_open,
          nicolae_spider_hilbert_2_sides_1_open,
          nicolae_spider_hilbert_2_sides_1_open]
Spider:3: layout_spider_delve, ebering_ghost_reflecting_pool
Spider:4: grunt_spider_rune_island, nzn_ghost_randoct, uniq_agnes
Orc:1:    layout_diamond_mine, portal_ice_cave_rime, serial_shops, shop
Orc:2:    st_orc_pillars, layout_diamond_mine, serial_shops, shop,
          minmay_orc_temple_c
Elf:1:    minmay_elf_arrival_summoners, layout_geoelf_octagon,
          hangedman_corner_corridor, lemuel_flamethrower_2
Elf:2:    elven_hall_of_blades_hangedman_original [nicolae_blade_bullseye],
          layout_gridlike, serial_shops, nicolae_shop_industrial_runoff,
          serial_library_regret_index_boxing, uniq_saint_roka, uniq_donald
Elf:3:    minmay_elf_hall_statues, layout_loops_ring, serial_shops,
          nicolae_shop_behind_doors, nicolae_nh_oracle_at_delphi
Vaults:1: portal_desolation_entry_twin_temple, ontoclasm_vaults_misaligned,
          nicolae_vaults_house_1, vaults_room_hangedman_quadrants,
          nicolae_vaults_closet_pinwheel_3, hangedman_vaults_stitches,
          vaults_room_stairs_pillars, nicolae_vaults_apartment_1,
          nicolae_vaults_double_plus_1, nicolae_vaults_border_crossing,
          vaults_standard_mumra_x, nicolae_vaults_trapezoid_3,
          nicolae_vaults_heart-shaped_vault, layout_vaults_ring, serial_shops,
          bzr_entry_islet, uniq_boris
Vaults:2: hangedman_vaults_pinch, minmay_crypt_entry_necro_gods,
          nicolae_vaults_library_corner, nicolae_vaults_tetromino_Z_2,
          v_misc_10, v_misc_2, nicolae_vaults_little_squares_1,
          nicolae_vaults_door_testing_chamber, nicolae_vaults_ring_of_whatevers,
          nicolae_vaults_more_shelving_2, layout_vaults_maze_snakey, uniq_nikola
Vaults:3: v_misc_18, nicolae_vaults_tetromino_Z_1, hangedman_vaults_capsules,
          nicolae_vaults_six-pack, nicolae_vaults_wrenched,
          dpeg_vaults_monster_row, nicolae_vaults_little_guard_posts,
          vaults_room_fours, nicolae_vaults_little_squares_1,
          nicolae_vaults_storage_room_doors, nicolae_vaults_shelves_hall,
          grunt_vaults_hallway_long, layout_vaults_omnigrid, serial_shops,
          nicolae_shop_statue_plus
Vaults:4: v_misc_29, nicolae_vaults_three_branches, nicolae_vaults_oozy_zoo,
          v_rooms_6, hangedman_vaults_restitches,
          nicolae_vaults_hexular_roomagon,
          nicolae_vaults_windows_and_doors_thing,
          nicolae_vaults_sesquioval_fish, v_misc_19, vaults_room_semicircle,
          nicolae_vaults_tetromino_L_2, layout_vaults_chaotic_city,
          serial_shops, shop, uniq_mennas
Vaults:5: serial_shops, uniq_xtahua, uniq_sojobo, uniq_jory
Depths:1: layout_small_grid, enter_ziggurat_f, grunt_hell_entry_dis_grunt,
          roderic_lattice_a, abyss_entry, nemelex_lonely_heart_becter,
          minmay_shop_grove, serial_bayou_shore_b
Depths:2: radiant_caverns_b_rkd, hell_entry, pan_entry, uniq_josephina, uniq_vv,
          uniq_mara
Depths:3: nooodl_heptagram, layout_basic, pf_coc_iceberg,
          hangedman_abyss_entry_splay, serial_bayou_pond_d,
          chequers_serial_rivers_room_b, uniq_grunn, uniq_margery, uniq_norris
Depths:4: grunt_zot_entry_alcove, layout_gridlike, hell_entry,
          nicolae_ru_sacrificial_ziggurat
Hell
Zot:1:    layout_onion_interference, regret_index_zotdec_stipple_waver,
          grunt_megastairs_3
Zot:2:    regret_index_all_hallows'_manor, layout_onion,
          st_small_dragon_hoard_5, grunt_megastairs_5

Skill      XL: |  1  2  3  4  5  6  7  8  9 10 11 12 13 14 15 16 17 18 19 20 21 22 23 24 25 26 |
---------------+-------------------------------------------------------------------------------+-----
Fighting       | 4 5 9 11 14 17 19 20 21 22 24 25 26 27 | 27.0
Axes           | 4 5 7 9 13 15 18 19 20 21 22 23 24 25 | 25.0
Armour         | 3 4 8 11 14 17 19 20 21 22 23 24 25 26 27 | 27.0
Dodging        | 3 9 16 17 18 20 22 23 24 25 | 25.4
Evocations     | 10 13 14 16 | 16.6
Throwing       | 4 6 7 9 10 | 10.0

Action                     |  1- 3 |  4- 6 |  7- 9 | 10-12 | 13-15 | 16-18 | 19-21 | 22-24 | 25-27 || total
---------------------------+-------+-------+-------+-------+-------+-------+-------+-------+-------++-------
  Melee: Hand axe          |    58 |   143 |   121 |       |       |       |       |       |       ||   322
         Headbutt          |    10 |    26 |    45 |   101 |   193 |   234 |   306 |   308 |    52 ||  1275
         Punch             |       |     1 |     4 |     1 |       |       |       |       |       ||     6
         Broad axe         |       |       |   104 |   198 |       |       |       |       |       ||   302
         Executioner's axe |       |       |       |   305 |   922 |  1095 |  1235 |  1140 |   188 ||  4885
         Battleaxe         |       |       |       |       |       |    23 |       |       |       ||    23
         Unarmed           |       |       |       |       |       |       |     3 |       |       ||     3
  Throw: Dart              |       |       |       |    10 |       |    14 |       |       |       ||    24
 Invoke: Berserk           |     1 |     5 |     6 |     1 |    13 |    18 |    15 |    22 |     1 ||    82
         Trog's Hand       |       |       |     2 |     2 |    11 |    17 |    10 |    11 |     2 ||    55
         Brothers in Arms  |       |       |       |       |     2 |     5 |     5 |     4 |       ||    16
Ability: Evoke Invisibilit |       |       |       |     1 |       |       |       |       |       ||     1
  Evoke: Wand              |       |       |       |       |       |     3 |     1 |     1 |       ||     5
         Box of beasts     |       |       |       |       |       |       |       |     1 |       ||     1
         Phial of floods   |       |       |       |       |       |       |       |     1 |       ||     1
         Lightning rod     |       |       |       |       |       |       |       |     1 |       ||     1
    Use: Scroll            |       |       |       |       |    15 |    14 |     9 |     9 |     8 ||    55
         Potion            |       |       |       |       |       |    11 |     4 |     3 |     1 ||    19
   Stab: Sleeping          |       |     2 |       |       |       |       |       |       |       ||     2
         Invisible         |       |       |       |     3 |       |       |       |       |       ||     3
         Distracted        |       |       |       |       |     1 |     1 |     1 |     1 |       ||     4
         Petrifying        |       |       |       |       |       |     1 |       |       |       ||     1
         Confused          |       |       |       |       |       |       |     1 |       |       ||     1
 Armour: Animal skin       |    36 |    82 |       |       |       |       |       |       |       ||   118
         Scale mail        |       |     7 |    49 |       |       |       |       |       |       ||    56
         Swamp dragon scal |       |       |    54 |   274 |   331 |       |       |       |       ||   659
         Plate armour      |       |       |       |       |   279 |  1374 |   858 |  1061 |       ||  3572
         Gold dragon scale |       |       |       |       |       |       |       |    52 |   269 ||   321
  Dodge: Dodged            |    32 |   107 |    97 |   332 |   521 |   804 |   582 |   811 |   205 ||  3491
  Block: Other             |       |     7 |    35 |    98 |   188 |   257 |   182 |   205 |    44 ||  1016
         Reflection        |       |     1 |     1 |     8 |     9 |    10 |    34 |    20 |     2 ||    85
